 Dungeon Crawl Stone Soup version 0.31-a0-544-gceb718ecc6 (webtiles) character file.

Game seed: 1501283138637371864

368 ytrimaz the Changeling (level 6, -1/63 HPs)
             Began as an Ogre Shapeshifter on Aug 15, 2023.
             Killed from afar by Ijyb (10 damage)
             ... with a puff of flame
             ... on level 4 of the Dungeon.
             The game lasted 00:02:23 (2343 turns).

ytrimaz the Changeling (Ogre Shapeshifter)          Turns: 2343, Time: 00:02:24

Health: -1/63      AC:  7    Str: 22    XL:     6   Next: 69%
Magic:  6/6        EV:  9    Int:  9    God:
Gold:   112        SH:  0    Dex:  9    Spells: 5/5 levels left

rFire   . .          .
                       - Unarmed
rCold   . . .        (no shield)
rNeg    . . .        a - +0 animal skin
rPois   .            (helmet currently unavailable)
rElec   .            (cloak currently unavailable)
rCorr   .            (gloves unavailable)
SInv    .            (boots unavailable)
Will    .....        (no amulet)
Stlth   +            i - +4 ring of protection
HPRegen 0.30/turn    (no ring)
MPRegen 0.10/turn

%: no passive effects
@: beast-form
A: beast (slay +3), large, unfitting armour, tough skin 1
a: Begin Untransformation


You were on level 4 of the Dungeon.
You were a hulking beast.
You visited 1 branch of the dungeon, and saw 4 of its levels.

You collected 112 gold pieces.


Innate Abilities, Weirdness & Mutations

You are a hulking beast.
Your limbs bulge with bestial killing power. (Slay +3)
You are too large for most types of armour.
You have tough skin. (AC +1)


   Skills:
 + Level 4.5 Fighting
 - Level 1.7 Dodging
 - Level 2.6 Unarmed Combat
 + Level 5.6 Shapeshifting


You had 5 spell levels left.
You didn't know any spells.
Your spell library contained the following spells:

 Spells                   Type           Power      Damage    Failure   Level
 Slow                     Hex            0%         N/A       38%         1
 Sublimation of Blood     Necr           0%         N/A       52%         2
 Confusing Touch          Hex            0%         N/A       77%         3
 Ozocubu's Armour         Ice            0%         N/A       77%         3
 Vampiric Draining        Necr           0%         2d6       77%         3
 Petrify                  Tmut/Erth      0%         N/A       99%         4
 Irradiate                Conj/Tmut      0%         3d11      100%        5
 Ozocubu's Refrigeration  Ice            0%         4d7       100%        7

Inventory:

Armour
 a - a +0 animal skin (worn)
 u - a scarf of shadows
   (You found it on level 4 of the Dungeon)
Jewellery
 i - a +4 ring of protection (left hand)
   (You found it on level 1 of the Dungeon)
 s - a ring of ice
   (You found it on level 4 of the Dungeon)
Talismans
 c - a beast talisman (active)
 d - a flux talisman
 p - a blade talisman
   (You found it on level 3 of the Dungeon)
Scrolls
 b - a scroll of fog {unknown}
 f - a scroll of vulnerability
 g - a scroll of enchant armour {unknown}
 o - 4 scrolls of teleportation
 q - a scroll of butterflies {unknown}
 r - a scroll of noise {unknown}
 t - a scroll of identify
Potions
 e - 2 potions of enlightenment {unknown}
 h - a potion of brilliance {unknown}
 j - a potion of degeneration {unknown}
 k - 2 potions of might
 l - a potion of curing {unknown}
 m - a potion of heal wounds {unknown}
 n - a potion of invisibility {unknown}

Dungeon Overview and Level Annotations

Branches:
Dungeon (4/15) Zot: 21666
 Temple: D:4-7

Altars:

Annotations:
D:4 Ijyb

#.##
#.................(.#.
#.
#.............†.....#.
#.
#....#####..........#
##.#..###...........#
#.##.##..#.........#
#....##.##...........
#...<##.##.#.......##
####.......##........##
.....(gh...##........#
.....................#
.###.................#
#######.###....... #...
...... ..### . ##


You could see a +2 spectral club and Ijyb.


Message History

😕 HP[-2]
You take 2 damage, and now have 61/63 hp.
You completely miss the ball python.
The ball python barely misses you. 😕 HP[+1]
You hit the ball python.
You kill the ball python!
The hobgoblin attacks as you move away!
The hobgoblin hits you but does no damage. 😎 HP[+1]
Your hp is fully restored (63).
You closely miss the hobgoblin. The hobgoblin hits you. 😕 HP[-4]
You take 4 damage, and now have 59/63 hp.
You barely miss the hobgoblin.
The hobgoblin closely misses you. 😕 HP[+1]
You hit the hobgoblin.
You kill the hobgoblin!
Unknown command.
No target in view! 😕 HP[+1]
s - a ring of ice 😕 HP[+1]
You now have 112 gold pieces (gained 18).
t - a scroll of identify 😎 HP[+1]
Your hp is fully restored (63).
A kobold comes into view. It is wielding a +0 club.
The kobold shouts!
You hear a shout!
A kobold is nearby!
A kobold is nearby!
A kobold is nearby!
Found a stone staircase leading up.
The kobold hits you with a +0 club. 😕 HP[-4]
You take 4 damage, and now have 59/63 hp.
Ijyb the Twisted Goblin comes into view.
She is wielding a +2 spectral club and carrying a wand of flame.
The kobold hits you but does no damage.
You closely miss the kobold. The kobold hits you but does no damage.
You punch the kobold!
You kill the kobold!
Unknown command.
You see here a scarf of shadows. 😕 HP[+1]
u - a scarf of shadows Ijyb closely misses you.
The +2 spectral club hits you.
A +2 spectral club comes into view.
Things that are here:
a +0 club; 5 stones; 😕 HP[-4]
You take 4 damage, and now have 56/63 hp.
You miss Ijyb. You barely miss Ijyb. Ijyb hits you with a +2 spectral club.
The +2 spectral club hits you. 😕 HP[-6]
You take 6 damage, and now have 50/63 hp.
Unknown command.
You hit Ijyb. Ijyb hits you but does no damage.
The +2 spectral club closely misses you. 😕 HP[+1]
You hit Ijyb but do no damage.
Ijyb zaps a wand.
The puff of flame hits you. 😮 HP[-4]
You take 4 damage, and now have 47/63 hp.
You closely miss Ijyb.
The +2 spectral club disappears.
Ijyb zaps a wand.
The puff of flame hits you! 😮 HP[-9]
You take 9 damage, and now have 38/63 hp.
You barely miss Ijyb. Your punch misses Ijyb.
Ijyb hits you with a +2 spectral club. The +2 spectral club hits you.
A +2 spectral club comes into view. 😮 HP[-4]
You take 4 damage, and now have 34/63 hp.
You hit Ijyb. The +2 spectral club hits you. Ijyb hits you but does no damage.
The +2 spectral club barely misses you. 😮 HP[-2]
You take 2 damage, and now have 32/63 hp.
Unknown command.
You hit Ijyb. The +2 spectral club hits you.
* * * LOW HITPOINT WARNING * * *
Ijyb hits you but does no damage. The +2 spectral club hits you.
* * * LOW HITPOINT WARNING * * *
😨 HP[-10]
You take 10 damage, and now have 22/63 hp.
Unknown command.
You punch Ijyb! The +2 spectral club hits you.
* * * LOW HITPOINT WARNING * * *
The +2 spectral club hits you.
* * * LOW HITPOINT WARNING * * *
Ijyb barely misses you. The +2 spectral club hits you.
* * * LOW HITPOINT WARNING * * *
The +2 spectral club hits you.
* * * LOW HITPOINT WARNING * * *
😱 HP[-13]
You take 13 damage, and now have 9/63 hp.
MASSIVE DAMAGE!! (PAUSE)
You barely miss Ijyb.
Ijyb zaps a wand.
The puff of flame hits you!
You die...

Skill      XL: |  1  2  3  4  5  6 |
---------------+-------------------+-----
Fighting       | 2 3 4 |  4.5
Shapeshifting  | 5 |  5.6
Dodging        | |  1.7
Unarmed Combat | |  2.6

Action                     |  1- 3 |  4- 6 || total
---------------------------+-------+-------++-------
  Melee: Unarmed           |    68 |    88 ||   156
         Punch             |       |     2 ||     2
    Use: Scroll            |     4 |       ||     4
         Potion            |     1 |       ||     1
 Armour: Animal skin       |    26 |    49 ||    75
         Skin              |     1 |       ||     1
  Dodge: Dodged            |    35 |    34 ||    69

Levels and vault maps discovered:
D:1:      elethiomel_arrival_shortcut, layout_basic
D:2:      layout_rooms, chequers_ecumenical_altar_island, uniq_sigmund
D:3:      layout_loops_ring, moated_statue
D:4:      layout_rooms, temple_hall, grunt_ministairs_2, uniq_natasha, uniq_ijyb

Notes
Turn   | Place    | Note
-------+----------+-------------------------------------------
     0 | D:1      | ytrimaz the Ogre Shapeshifter began the quest for the Orb.
     0 | D:1      | Reached XP level 1. HP: 19/19 MP: 1/1
     0 | D:1      | magus.rc [v1.9.6]
   113 | D:1      | Reached skill level 2 in Fighting
   216 | D:1      | Reached XP level 2. HP: 25/28 MP: 2/2
   779 | D:2      | Reached skill level 3 in Fighting
   779 | D:2      | Reached XP level 3. HP: 31/37 MP: 3/3
   818 | D:2      | You pick up a book of Debilitation and begin reading...
   818 | D:2      | You add the spells Slow, Vampiric Draining and Confusing
                  | Touch to your library.
   887 | D:2      | Noticed Sigmund
   918 | D:2      | Killed Sigmund
   919 | D:2      | Reached skill level 5 in Shapeshifting
   919 | D:2      | Reached XP level 4. HP: 23/45 MP: 4/4
   919 | D:2      | Reached XP level 5. HP: 27/53 MP: 5/5
  1169 | D:2      | Found a faded altar of an unknown god.
  1357 | D:2      | Reached XP level 6. HP: 54/61 MP: 6/6
  1693 | D:3      | You pick up a book of Alchemy and begin reading...
  1693 | D:3      | You add the spells Sublimation of Blood, Petrify and
                  | Irradiate to your library.
  1786 | D:3      | You add the spells Ozocubu's Armour and Ozocubu's
                  | Refrigeration to your library.
  2101 | D:4      | Noticed a black bear
  2108 | D:4      | Killed a black bear
  2109 | D:4      | Reached skill level 4 in Fighting
  2327 | D:4      | Noticed Ijyb
  2342 | D:4      | HP: 15/63 [+2 spectral club[Ijyb] (4)]
  2343 | D:4      | Killed from afar by Ijyb

Vanquished Creatures
  Sigmund (D:2)
  A black bear (D:4)
  An orc wizard (D:3)
  4 adders
  8 orcs
  5 endoplasms
  2 giant cockroaches (D:1)
  2 goblins (D:1)
  4 hobgoblins
  3 kobolds
  6 quokkas
  3 ball pythons
  A bat (D:1)
  A frilled lizard (D:2)
  5 rats
47 creatures vanquished.

Table legend:
 A = Non-vault XP
 B = Vault XP
 C = Vault XP percentage of total XP
 D = Non-vault monster count
 E = Vault monster count
 F = Vault count percentage of total count
                 A         B        C        D         E       F
            +---------+---------+-------+---------+---------+-------
      Total |     162 |     365 |  69.3 |      44 |       3 |   6.4
            +---------+---------+-------+---------+---------+-------
        D:1 |      23 |       0 |   0.0 |      15 |       0 |   0.0
        D:2 |      58 |     239 |  80.5 |      13 |       1 |   7.1
        D:3 |      45 |       0 |   0.0 |       6 |       0 |   0.0
        D:4 |      36 |     126 |  77.8 |      10 |       2 |  16.7
            +---------+---------+-------+---------+---------+-------

Skill      XL: |  1  2  3  4  5  6 |
---------------+-------------------+-----
Fighting       | 2 3 4 |  4.5
Shapeshifting  | 5 |  5.6
Dodging        | |  1.7
Unarmed Combat | |  2.6

Action                     |  1- 3 |  4- 6 || total
---------------------------+-------+-------++-------
  Melee: Unarmed           |    68 |    88 ||   156
         Punch             |       |     2 ||     2
    Use: Scroll            |     4 |       ||     4
         Potion            |     1 |       ||     1
 Armour: Animal skin       |    26 |    49 ||    75
         Skin              |     1 |       ||     1
  Dodge: Dodged            |    35 |    34 ||    69

Illustrated notes

Table legend:
 A = Kills in this place as a percentage of kills in the entire game.
 B = Kills by you in this place as a percentage of kills by you in the entire game.
 C = Kills by friends in this place as a percentage of kills by friends in the entire game.
 D = Other kills in this place as a percentage of other kills in the entire game.
 E = Experience gained in this place as a percentage of experience gained in the entire game.
 F = Experience gained in this place divided by the number of levels of this place that you have seen.
                   A       B       C       D       E      F
               +-------+-------+-------+-------+-------+----------------------
         Total | 100.0 | 100.0 |   N/A |   N/A | 100.0 | 131.8
       Dungeon | 100.0 | 100.0 |   N/A |   N/A | 100.0 | 131.8
               +-------+-------+-------+-------+-------+----------------------

Table legend: (Time is in decaauts)
 A = Elapsed time spent in this place.
 B = Non-inter-level travel time spent in this place.
 C = Inter-level travel time spent in this place.
 D = Time resting spent in this place.
 E = Time spent auto-exploring this place.
 F = Levels seen in this place.
 G = Mean time per level.
                   A        B        C        D        E       F      G
               +--------+--------+--------+--------+--------+-----+--------+
         Total |   2333 |   2237 |     96 |     42 |   1760 |   4 |  583.2 |
       Dungeon |   2333 |   2237 |     96 |     42 |   1760 |   4 |  583.2 |
               +--------+--------+--------+--------+--------+-----+--------+

Top non-repeatable levels by time:
     D:1: 761 daAuts
     D:3: 688 daAuts
     D:2: 628 daAuts
     D:4: 254 daAuts
